Map: Jagannatha LE

Players

ViBE - Winner!

  • Race: Protoss Protoss
  • League: Gold
  • Spawn Location: 1:00

HullKFrag

  • Race: Zerg Zerg
  • League: Gold
  • Spawn Location: 7:00

VOD

Have the link to the VOD?

Description

Time

  • Played on: March 21, 2021, 11:39 p.m.
  • Length: 13:16
Show
View Real Time Build Order
Export as new Build Order

ViBE Protoss - Winner!

Build Orders: 1 Gate Expand, Archon Immortal 

Get SALT Encoding   

  12  0:00  Probe  
  14  0:14  Probe  
  14  0:19  Pylon  
  14  0:28  Probe  
  15  0:39  Gateway  
  15  0:40  Probe  
  16  0:53  Probe  
  17  1:01  Assimilator  
  17  1:05  Probe (Chrono Boost)  
  18  1:17  Probe (Chrono Boost)  
  19  1:23  Probe (Chrono Boost), Nexus  
  20  1:31  Probe  
  21  1:37  Cybernetics Core  
  21  1:43  Probe  
  21  1:46  Assimilator  
  21  2:06  Probe, Pylon  
  22  2:22  Probe  
  23  2:25  Stalker  
  23  2:26  Warp Gate  
  25  2:34  Probe (Chrono Boost)  
  26  2:38  Probe (Chrono Boost)  
  26  2:43  Pylon  
  28  2:45  Probe (Chrono Boost)  
  28  2:47  Probe (Chrono Boost)  
  28  2:50  Probe (Chrono Boost)  
  29  2:52  Probe (Chrono Boost)  
  29  2:56  Sentry  
  33  3:00  Probe  
  33  3:05  Probe (Chrono Boost)  
  35  3:06  Gateway  
  35  3:09  Robotics Facility  
  36  3:12  Probe (Chrono Boost)  
  36  3:17  Probe (Chrono Boost)  
  37  3:21  Gateway  
  37  3:22  Probe (Chrono Boost)  
  37  3:23  Probe (Chrono Boost)  
  37  3:27  Probe (Chrono Boost)  
  39  3:31  Probe  
  41  3:39  Probe  
  42  3:43  Probe  
  42  3:44  Pylon  
  43  3:51  Probe  
  43  3:55  Probe  
  45  3:58  Observer  
  50  4:04  Probe  
  49  4:14  Nexus  
  49  4:15  Pylon  
  47  4:18  Pylon, Stalker x2  
  47  4:19  Stalker  
  47  4:20  Probe x2  
  47  4:24  Immortal  
  59  4:30  Pylon  
  59  4:34  Probe  
  59  4:35  Probe, Assimilator  
  59  4:37  Assimilator  
  61  4:50  Probe x2  
  63  4:57  Stalker x3  
  69  5:02  Probe x2  
  69  5:05  Immortal  
  75  5:14  Probe (Chrono Boost)  
  75  5:15  Probe (Chrono Boost)  
  77  5:24  Probe x2 (Chrono Boost)  
  77  5:27  Twilight Council  
  79  5:29  Probe (Chrono Boost), Forge  
  79  5:30  Probe x2  
  79  5:32  Forge  
  82  5:35  Stalker  
  82  5:36  Stalker  
  82  5:39  Stalker  
  82  5:42  Probe (Chrono Boost)  
  89  5:46  Probe (Chrono Boost)  
  91  5:51  Probe (Chrono Boost)  
  91  5:52  Probe (Chrono Boost), Gateway  
  91  5:53  Gateway  
  91  5:56  Gateway  
  87  6:04  Probe (Chrono Boost)  
  87  6:05  Probe (Chrono Boost)  
  87  6:07  Probe (Chrono Boost)  
  87  6:08  Immortal  
  91  6:16  Probe (Chrono Boost)  
  91  6:17  Probe (Chrono Boost)  
  91  6:18  Stalker  
  91  6:21  Stalker  
  91  6:24  Probe (Chrono Boost)  
  91  6:25  Probe (Chrono Boost)  
  96  6:26  Probe (Chrono Boost)  
  96  6:29  Protoss Ground Weapons Level 1, Protoss Ground Armor Level 1  
  96  6:30  Probe  
  96  6:31  Probe  
  99  6:37  Charge (Chrono Boost), Zealot  
  101  6:42  Templar Archives  
  101  6:48  Nexus  
  101  6:51  Pylon  
  101  6:54  Pylon  
  101  6:58  Assimilator  
  101  7:00  Pylon, Assimilator  
  101  7:09  Immortal  
  101  7:14  Probe  
  101  7:15  Probe x2  
  108  7:21  High Templar  
  108  7:22  High Templar x3  
  114  7:24  Zealot x2  
  114  7:26  Archon x2  
  120  7:33  Probe x3  
  123  7:45  Probe x2  
  123  7:51  Pylon  
  125  7:53  Pylon  
  125  7:57  Pylon  
  125  7:59  Probe  
  125  8:00  Pylon  
  125  8:04  Probe x2  
  125  8:05  Zealot x5  
  134  8:06  Zealot  
  140  8:13  Probe x2  
  140  8:14  Gateway  
  140  8:16  Probe  
  143  8:22  Gateway  
  143  8:23  Gateway  
  143  8:25  Gateway  
  143  8:26  Probe  
  143  8:27  Probe x2  
  146  8:37  Protoss Ground Weapons Level 2 (Chrono Boost), Protoss Ground Armor Level 2 (Chrono Boost)  
  146  8:38  High Templar x5  
  146  8:39  Nexus  
  146  8:41  Pylon, Immortal  
  156  8:44  Pylon  
  160  8:48  Assimilator  
  160  8:50  Assimilator  
  160  8:51  Archon x2  
  160  8:57  Probe x2  
  160  8:58  Probe x2  
  161  9:16  High Templar x3  
  161  9:17  Zealot x3, Nexus  
  167  9:19  Pylon  
  167  9:22  Pylon  
  173  9:29  Pylon  
  171  9:32  Zealot x3  
  171  9:38  Archon  
  177  9:39  Archon  
  177  9:55  Gateway  
  177  9:57  Gateway, Zealot  
  177  9:58  Zealot x6  
  177  9:59  Gateway, Zealot x2  
  195  10:00  Immortal  
  195  10:01  Probe  
  195  10:02  Gateway  
  195  10:07  Gateway  
  200  10:09  Gateway  
  190  11:02  High Templar x5  
  190  11:03  High Templar x4  
  194  11:05  Immortal  
  174  11:11  Robotics Facility  
  174  11:12  Gateway  
  174  11:16  Gateway  
  174  11:17  Gateway  
  168  11:18  Gateway  
  168  11:19  Gateway  
  168  11:21  Gateway x2  
  168  11:24  Gateway  
  168  11:26  Gateway  
  168  11:28  Gateway x3  
  168  11:33  Assimilator  
  168  11:37  Zealot x3, Assimilator  
  168  11:38  Zealot x4  
  168  11:39  Zealot x2  
  186  11:40  Archon x3  
  186  11:41  Archon  
  186  11:59  Immortal x2  
  186  12:01  Zealot x3  
  190  12:23  Zealot x3  
  190  12:24  Zealot x3  
  190  12:25  Zealot  
  198  12:32  Pylon  
Show
View Real Time Build Order
Export as new Build Order

HullKFrag Zerg 

Build Orders: Hatch First 

Get SALT Encoding   

  12  0:02  Drone  
  13  0:10  Drone  
  14  0:16  Overlord  
  14  0:35  Drone x3  
  17  0:54  Hatchery  
  17  0:56  Drone  
  17  1:05  Drone  
  18  1:14  Spawning Pool  
  17  1:18  Extractor  
  16  1:37  Drone x2  
  16  1:38  Overlord  
  19  1:54  Drone  
  20  2:01  Zergling x2  
  20  2:11  Queen  
  20  2:14  Hatchery  
  21  2:22  Queen  
  23  2:30  Zergling x2  
  23  2:31  Zergling x2  
  23  2:32  Zergling x2  
  23  2:36  Zergling x2  
  27  2:43  Metabolic Boost  
  27  2:50  Drone x2  
  29  2:58  Zergling x2  
  29  3:03  Zergling x2  
  29  3:04  Drone  
  32  3:16  Overlord  
  32  3:17  Overlord  
  32  3:28  Extractor  
  32  3:30  Drone, Roach Warren  
  32  3:33  Drone  
  32  3:37  Drone  
  32  3:40  Drone  
  34  3:49  Queen  
  36  3:58  Queen  
  38  4:03  Drone  
  38  4:04  Drone  
  40  4:21  Roach  
  40  4:22  Roach x3  
  40  4:23  Roach  
  50  4:33  Lair  
  50  5:03  Overlord  
  50  5:04  Overlord x3  
  50  5:39  Evolution Chamber  
  50  5:42  Evolution Chamber  
  48  5:47  Hydralisk Den  
  47  5:50  Drone x8, Infestation Pit  
  47  5:51  Drone x10  
  57  6:13  Zergling x6, Roach x2  
  57  6:14  Zergling x2, Roach x2  
  59  6:20  Extractor x2  
  59  6:21  Zergling x4, Roach  
  59  6:24  Roach  
  63  6:27  Roach  
  63  6:29  Zergling x2  
  66  6:35  Roach  
  68  6:46  Roach  
  70  6:48  Zergling x2  
  71  7:04  Queen x2  
  71  7:05  Queen  
  71  7:06  Hydralisk x2  
  81  7:09  Zergling x2  
  82  7:17  Extractor x2  
  82  7:20  Drone  
  82  7:21  Drone  
  82  7:23  Overlord x4  
  82  7:32  Zerg Missile Weapons Level 1  
  82  7:34  Zerg Melee Weapons Level 1  
  82  7:36  Muscular Augments  
  82  7:43  Glial Reconstitution  
  82  7:45  Zergling x6  
  82  7:46  Zergling x2  
  85  8:08  Hydralisk  
  85  8:09  Hydralisk x4  
  85  8:11  Zergling x2  
  96  8:38  Hydralisk x7  
  110  8:49  Drone x3  
  110  8:51  Overlord  
  110  8:52  Overlord  
  93  9:13  Hydralisk  
  93  9:14  Hydralisk x4  
  100  9:29  Hydralisk x2  
  100  9:30  Roach x2  
  108  9:32  Roach  
  110  9:40  Zerg Ground Armor Level 1  
  110  9:42  Drone  
  110  9:43  Drone  
  112  9:46  Drone  
  113  10:06  Drone  
  114  10:16  Hive  
  114  10:18  Zergling x6  
  114  10:19  Zergling x10  
  114  10:20  Overlord  
  74  11:13  Hydralisk x3  
  74  11:14  Hydralisk x4, Roach x4  
  74  11:15  Roach x4  
  90  11:21  Hydralisk  
  90  11:23  Roach  
  86  11:30  Drone, Roach  
  86  11:31  Roach  
  91  11:35  Zergling x2  
  91  11:36  Zergling x4  
  94  11:51  Hydralisk  
  94  11:52  Hydralisk x2  
  94  11:53  Hydralisk  
  102  11:54  Zergling x2  
  102  11:59  Ravager x5  
  102  12:00  Ravager  
  102  12:01  Ravager  
  110  12:02  Zergling x2  
  110  12:04  Zergling x2  
  110  12:06  Zergling x2  
  113  12:09  Drone  
  113  12:10  Drone  
  96  12:28  Zergling x12  
Tags
 
Composition
Archon Immortal
League
GoldGold
Matchup
PvZ
Player
ViBE
Replay Pack
Gold_League
Spawn Locations
Cross Positions
Add a new tag
Caveats
  • Supply blocks, unpowered buildings, or Contaminate may cause inaccurate times.
  • Supply counts are checked every 10 seconds.